 Dungeon Crawl Stone Soup version 0.28-a0-1199-gef9e1dbd39 (webtiles) character file.

Game seed: 1674845637818180828

5 Gargoyl the Skirmisher (level 1, 0/23 HPs)
             Began as a Gnoll Abyssal Knight on Dec 19, 2021.
             Was a Follower of Lugonu.
             Slain by a small abomination (17 damage)
             ... on level 1 of the Abyss.
             The game lasted 00:00:20 (76 turns).

Gargoyl the Skirmisher (Gnoll Abyssal Knight)         Turns: 76, Time: 00:00:21

Health: 0/23       AC:  6    Str: 12    XL:     1   Next: 80%
Magic:  3/3        EV: 11    Int:  9    God:    Lugonu [*.....]
Gold:   15         SH:  0    Dex: 12    Spells: 0/0 levels left

rFire   . . .      SeeInvis .   a - +1 hand axe
rCold   . . .      Faith    .   (no shield)
rNeg    . . .      Spirit   .   d - +0 ring mail
rPois   .          Reflect  .   (no helmet)
rElec   .          Harm     .   (no cloak)
rCorr   .          Rampage  .   (no gloves)
Will    .....                   (no boots)
Stlth   +.........              (no amulet)
HPRegen 0.07/turn               (no ring)
MPRegen 0.08/turn               (no ring)

@: very slow
A: fangs 1, strong nose, distributed training
a: Renounce Religion, Depart the Abyss


You were on level 1 of the Abyss.
You worshipped Lugonu.
Lugonu was aware of your devotion.
You visited 0 branches of the dungeon, and saw 0 of its levels.
You visited the Abyss 1 time.

You collected 15 gold pieces.

Inventory:

Hand Weapons
 a - a +1 hand axe (weapon)
Armour
 b - a +0 leather armour
 d - a +0 ring mail (worn)


   Skills:
 + Level 6.4 Fighting
 + Level 0.1 Short Blades
 + Level 0.1 Long Blades
 + Level 4.4 Axes
 + Level 0.1 Maces & Flails
 + Level 0.1 Polearms
 + Level 0.1 Staves
 + Level 0.1 Slings
 + Level 0.1 Bows
 + Level 0.1 Crossbows
 + Level 0.1 Throwing
 + Level 4.4 Armour
 + Level 2.4 Dodging
 + Level 0.1 Stealth
 + Level 0.1 Shields
 + Level 0.1 Unarmed Combat
 + Level 0.1 Spellcasting
 + Level 0.1 Conjurations
 + Level 0.1 Hexes
 + Level 0.1 Summonings
 + Level 0.1 Necromancy
 + Level 0.1 Translocations
 + Level 0.1 Transmutations
 + Level 0.1 Fire Magic
 + Level 0.1 Ice Magic
 + Level 0.1 Air Magic
 + Level 0.1 Earth Magic
 + Level 0.1 Poison Magic
 + Level 4.4 Invocations
 + Level 0.1 Evocations


You couldn't memorise any spells.
You didn't know any spells.
Your spell library was empty.

Dungeon Overview and Level Annotations

Branches:
Dungeon (0/15)

Altars:


Innate Abilities, Weirdness & Mutations

You have very sharp teeth.
Your uncanny sense of smell can sniff out nearby items.
Your experience applies equally to all skills.


Message History

Press ? for a list of commands and other information.
Found a corrupted altar of Lugonu.
c - a scroll labelled SOUXKO YLIMMEL Unknown command.
Found a gateway leading deeper into the Abyss.
Found a ring mail.
An ufetubus comes into view.
The ufetubus shouts!
The ufetubus barely misses you. The ufetubus misses you.
The ufetubus closely misses you. The ufetubus hits you.
You see here 4 gold pieces.
You miss the ufetubus. The ufetubus hits you.
The ufetubus completely misses you.
You hit the ufetubus.
The ufetubus is almost dead.
The ufetubus misses you. The ufetubus hits you.
The ufetubus hits you but does no damage.
The ufetubus barely misses you.
You hit the ufetubus.
You kill the ufetubus!
You see here a +0 ring mail.
d - a +0 ring mail You start removing your armour.
You continue taking off your +0 leather armour. x4
You finish taking off your +0 leather armour.
You start putting on your armour.
You continue putting on your +0 ring mail. x5
You finish putting on your +0 ring mail.
Unknown command.
As you read the scroll labelled SOUXKO YLIMMEL, it crumbles to dust.
It is a scroll of identify.
You don't have any unidentified items.
A small abomination is nearby!
Found 15 gold pieces.
You now have 15 gold pieces.
You enter the shallow water.
Moving in this stuff is going to be slow.
The small abomination hits you!
Ouch! That really hurt!
You die...

. . #. #..
#.###.#..#. . #
..###..#..#... ..##
#.#.#$#...#.§. ♣ #
###.#.#.##...# ≈≈ .
##..#..#.#.x...##≈≈≈
.##.. #
#...#..#♣≈.≈≈≈ ..#
###.##.#..###≈≈≈≈≈≈
..#. #..
...##.x#≈≈≈≈≈≈≈ ...#
###.#.##.#.@≈≈≈≈≈§#
.. #
.#.#..###≈≈≈≈≈≈#
..##. . #..##
#≈.≈..# .## ..#.....
. ≈≈≈#.# ..#.. # ###
. ≈≈≈.#. . ### ≈
≈≈≈.. .. #. . .≈..
....


You could see a small abomination.

Vanquished Creatures
  An ufetubus (Abyss:1)
1 creature vanquished.

Notes
Turn   | Place    | Note
-------+----------+-------------------------------------------
     0 | Abyss:1  | Gargoyl the Gnoll Abyssal Knight began the quest for the
                  | Orb.
     0 | Abyss:1  | Reached XP level 1. HP: 23/23 MP: 3/3
    64 | Abyss:1  | Noticed a small abomination
    76 | Abyss:1  | Slain by a small abomination

Illustrated notes

Levels and vault maps discovered:
Abyss:1:  base: Temple, minivault_11, minivault_20, base:
Temple

Action                   || total
-------------------------++-------
Melee: Hand axe          ||     3
  Use: Scroll            ||     1
Armor: Leather armour    ||     1
Dodge: Dodged            ||     6

Table legend: (Time is in decaauts)
 A = Elapsed time spent in this place.
 B = Non-inter-level travel time spent in this place.
 C = Inter-level travel time spent in this place.
 D = Time resting spent in this place.
 E = Time spent auto-exploring this place.
 F = Levels seen in this place.
 G = Mean time per level.
                   A        B        C        D        E       F      G
               +--------+--------+--------+--------+--------+-----+--------+
         Total |     76 |     76 |      0 |      0 |     44 |   1 |   76.0 |
         Abyss |     76 |     76 |      0 |      0 |     44 |   1 |   76.0 |
               +--------+--------+--------+--------+--------+-----+--------+

Top non-repeatable levels by time:
 Abyss:1: 76 daAuts
